 Dungeon Crawl Stone Soup version 0.25-a0-829-g4e6a552925 (webtiles) character file.

Game seed: 17266713617990807484, levelgen mode: deterministic

50 Maedhros the Charlatan (level 3, -1/23 HPs)
             Began as an Octopode Artificer on Apr 21, 2020.
             Slain by an adder skeleton (2 damage)
             ... on level 5 of the Dungeon.
             The game lasted 00:02:01 (376 turns).

Maedhros the Charlatan (Octopode Artificer)          Turns: 376, Time: 00:02:01

Health: -1/23      AC:  1    Str: 11    XL:     3   Next: 79%
Magic:  5/5        EV: 13    Int: 13    God:
Gold:   48         SH:  0    Dex: 13    Spells: 2/2 levels left

rFire    . . .     SeeInvis .   a - +0 short sword
rCold    . . .     Gourm    .   (no shield)
rNeg     . . .     Faith    .   (helmet restricted)
rPois    .         Spirit   .   (no amulet)
rElec    .         Reflect  .   (no ring)
rCorr    .         Harm     .   (no ring)
MR       .....                  (no ring)
Stlth    +++.......             (no ring)
HPRegen  0.07/turn              (no ring)
MPRegen  0.09/turn              (no ring)
                                (no ring)
                                (no ring)

@: no status effects
A: almost no armour, stealthy swim, amphibious, 8 rings, constrict 8, camouflage
1, gelatinous body 1
a: no special abilities


You were on level 5 of the Dungeon.
You were not hungry.

You visited 1 branch of the dungeon, and saw 5 of its levels.

You collected 48 gold pieces.

Inventory:

Hand Weapons
 a - a +0 short sword (weapon)
Wands
 b - a wand of flame (12)
 c - a wand of enslavement (11)
 d - a wand of random effects (14)
Scrolls
 g - a scroll of identify {unknown}
 h - a scroll of magic mapping {unknown}
 i - a scroll of teleportation {unknown}
Potions
 e - a potion of might
Comestibles
 f - a ration


   Skills:
 - Level 1.0 Fighting
 - Level 1.0 Short Blades
 - Level 2.0 Dodging
 + Level 2.7 Stealth
 * Level 2.2 Unarmed Combat
 + Level 3.8 Evocations


You had 2 spell levels left.
You didn't know any spells.
Your spell library was empty.

Dungeon Overview and Level Annotations

Branches:
Dungeon (5/15)
 Temple: D:4-7

Altars:
Nemelex Xobeh


Innate Abilities, Weirdness & Mutations

You cannot wear most types of armour.
You are very stealthy in the water. (Stealth+)
You are amphibious.
You can wear up to eight rings at the same time.
You can use your tentacles to constrict eight enemies at once.
Your skin changes colour to match your surroundings (Stealth+).
Your rubbery body absorbs attacks. (AC +1, EV +1)


Message History

The helpless adder skeleton fails to defend itself.
You hit the adder skeleton. Your grab misses the adder skeleton.
You squeeze the adder skeleton!
The adder skeleton is almost destroyed.
The adder skeleton bites you.
* * * LOW HITPOINT WARNING * * *
You hit the adder skeleton but do no damage.
You grab the adder skeleton.
The adder skeleton is almost destroyed.
You constrict the adder skeleton.
You destroy the adder skeleton!
The adder skeleton bites you.
* * * LOW HITPOINT WARNING * * *
You hit the adder skeleton. You grab the adder skeleton.
The adder skeleton is moderately damaged.
You constrict the adder skeleton. The adder skeleton misses you.
You hit the adder skeleton.
The adder skeleton is heavily damaged.
You constrict the adder skeleton. The adder skeleton bites you.
You die...

.. #.. #..#
#..# #..##
#######
##...##.......
#.....#.....#.
#.....@Z>....#
#.....#.....#.
##.<.##.....#
#..## ##.###
#..# ... #...
.## ##(# # #.#
#.#


You could see an adder skeleton.

Vanquished Creatures
  An adder (D:2)
  A shadow imp (D:3)
  An adder skeleton (D:5)
  A goblin (D:3)
  2 hobgoblins
  7 jackals
  A quokka (D:2)
  4 bats
  A frilled lizard (D:1)
  2 kobolds (D:1)
21 creatures vanquished.

Vanquished Creatures (collateral kills)
  2 frilled lizards (D:3)
  A kobold (D:3)
  A rat (D:3)
4 creatures vanquished.

Vanquished Creatures (others)
  An adder (D:3)
1 creature vanquished.

Grand Total: 26 creatures vanquished

Notes
Turn   | Place    | Note
-------+----------+-------------------------------------------
     0 | D:1      | Maedhros the Octopode Artificer began the quest for the
                  | Orb.
     0 | D:1      | Reached XP level 1. HP: 13/13 MP: 3/3
    82 | D:1      | Reached skill level 1 in Unarmed Combat
    82 | D:1      | Reached XP level 2. HP: 14/18 MP: 4/4
   117 | D:2      | Reached XP level 3. HP: 4/23 MP: 5/5
   337 | D:3      | Found a sparkling altar of Nemelex Xobeh.
   369 | D:5      | Entered Level 5 of the Dungeon
   374 | D:5      | HP: 1/23 [adder skeleton (3)]
   376 | D:5      | Slain by an adder skeleton

Levels and vault maps discovered:
D:1:      tarquinn_simple_flora_water_d, layout_rooms, roderic_lattice_a
D:2:      layout_basic
D:3:      layout_rooms, nemelex_xobeh_ov_fountains_minmay, first_ration,
          grunt_ministairs_4, interstate_on_off, uniq_ijyb
D:4:      layout_rooms, vehumet_altar_wand_db
D:5:      layout_loops_ring, basic_altar, minmay_misc_feat_four_crosses,
          kennysheep_small_circle

Skill      XL: |  1  2  3 |
---------------+----------+-----
Unarmed Combat | 1 2 |  2.2
Stealth        | 2 |  2.7
Fighting       | |  1.0
Short Blades   | |  1.0
Dodging        | |  2.0
Evocations     | |  3.8

Action                   || total
-------------------------++-------
Melee: Short sword       ||    45
       Tentacles         ||     8
       Constrict         ||    13
       Punch             ||     1
Evoke: Wand              ||     8
  Use: Potion            ||     2
 Stab: Sleeping          ||     1
Armor: Skin              ||     9
Dodge: Dodged            ||    43

Table legend:
 A = Non-vault XP
 B = Vault XP
 C = Vault XP percentage of total XP
 D = Non-vault monster count
 E = Vault monster count
 F = Vault count percentage of total count
                 A         B        C        D         E       F
            +---------+---------+-------+---------+---------+-------
      Total |      71 |       1 |   1.4 |      25 |       1 |   3.8
            +---------+---------+-------+---------+---------+-------
        D:1 |      11 |       0 |   0.0 |       7 |       0 |   0.0
        D:2 |      24 |       0 |   0.0 |       7 |       0 |   0.0
        D:3 |      31 |       1 |   3.1 |      10 |       1 |   9.1
        D:5 |       5 |       0 |   0.0 |       1 |       0 |   0.0
            +---------+---------+-------+---------+---------+-------
